 Dungeon Crawl Stone Soup version 0.30-a0-634-g8abc85282e (webtiles) character file.

Game seed: 12975428991205564809

82 wormed the Insei (level 4, 0/29 HPs)
             Began as an Octopode Transmuter on Jan 14, 2023.
             Succumbed to an adder's poison
             ... on level 3 of the Dungeon.
             The game lasted 00:02:27 (1903 turns).

wormed the Insei (Octopode Transmuter)              Turns: 1903, Time: 00:02:28

Health: 0/29       AC:  1    Str:  8    XL:     4   Next: 43%
Magic:  7/7        EV: 13    Int: 16    God:
Gold:   115        SH:  0    Dex: 16    Spells: 4/7 levels left

rFire   . . .      SeeInvis .      - Unarmed
rCold   . . .      Faith    .    (no shield)
rNeg    . . .      Spirit   .    (helmet currently unavailable)
rPois   .          Reflect  .    g - amulet of magic regeneration
rElec   .          Harm     .    (no ring)
rCorr   .          Rampage  .    (no ring)
Will    .....                    (no ring)
Stlth   ++                       (no ring)
HPRegen 0.24/turn                (no ring)
MPRegen 0.50/turn                (no ring)
                                 (no ring)
                                 (no ring)

@: lethally poisoned (0 -> -6), appendages, wereblooded
A: tentacle spike 3, almost no armour, amphibious, 8 rings, camouflage 1,
gelatinous body 1, (nimble swimmer 1), tentacles, agile 1, MP-powered wands
a: End Transformation


You were on level 3 of the Dungeon.
One of your tentacles had grown a beastly spike.
You visited 1 branch of the dungeon, and saw 3 of its levels.

You collected 115 gold pieces.

Inventory:

Jewellery
 g - an amulet of magic regeneration (around mantle)
 n - a ring of resist corrosion
Scrolls
 d - a scroll of acquirement {unknown}
 f - 2 scrolls of identify {unknown}
 h - a scroll of blinking {unknown}
 j - a scroll of fog {unknown}
 l - a scroll of silence {unknown}
Potions
 a - a potion of lignification
 b - 2 potions of heal wounds {unknown}
 c - a potion of might {unknown}
 e - a potion of flight {unknown}
 i - a potion of cancellation {unknown}
 m - a potion of curing {unknown}


   Skills:
 + Level 1.7 Fighting
 + Level 2.3 Dodging
 + Level 3.3 Unarmed Combat
 + Level 2.3 Spellcasting
 * Level 3.0 Transmutations
 + Level 1.2 Ice Magic


You had 4 spell levels left.
You knew the following spells:

 Your Spells              Type           Power      Damage    Failure   Level
a - Beastly Appendage     Tmut           22%        N/A       6%          1
b - Wereblood             Tmut           11%        N/A       9%          2

Your spell library contained the following spells:

 Spells                   Type           Power      Damage    Failure   Level
 Blink                    Tloc           2%         N/A       30%         2
 Momentum Strike          Conj/Tloc      2%         3d8       30%         2
 Spider Form              Tmut/Pois      6%         N/A       32%         3
 Ignite Poison            Fire/Tmut/Pois 5%         N/A       36%         3
 Kindle Blastsparks       Fire/Tloc/Air  2%         2d10      52%         3
 Lesser Beckoning         Tloc           2%         N/A       52%         3
 Ice Form                 Ice/Tmut       8%         N/A       63%         4
 Freezing Cloud           Conj/Ice/Air   1%         6-21      99%         5


Dungeon Overview and Level Annotations

Branches:
Dungeon (3/15)

Altars:

Shops:
D:1 *


Innate Abilities, Weirdness & Mutations

One of your tentacles has grown a beastly spike.
You cannot wear most types of armour.
You are amphibious.
You can wear up to eight rings at the same time.
Your skin changes colour to match your surroundings (Stealth+).
Your rubbery body absorbs attacks. (AC +1, EV +1)
((You are camouflaged when in or above water. (Stealth+)))
You have tentacles for arms and can constrict up to eight enemies at once.
You are agile. (Dex +4, Str/Int -1)
You expend magic power (3 MP) to strengthen your wands.


Message History

Your blood is infused with primal strength.
The adder hisses angrily.
The adder completely misses you.
You tentacle-slap the adder. Your grab misses the adder. You squeeze the adder.
The adder is almost dead.
The adder bites you.
You are poisoned.
The adder poisons you!
You closely miss the adder. Your grab misses the adder.
Your tentacle spike misses the adder.
The adder is almost dead.
You feel sick.
An orc wizard and an orc come into view.
You feel sick. The adder bites you.
You are more poisoned.
The adder poisons you! The adder barely misses you. The adder bites you.
You feel sick. The adder misses you.
You barely miss the adder. Your grab misses the adder.
Your tentacle spike misses the adder.
The adder is almost dead.
You feel sick. The adder bites you but does no damage. The adder bites you.
You miss the adder. You grab the adder.
You pierce the adder.
You feel a bit better.
You kill the adder!
You feel sick. The adder bites you.
You are more poisoned.
The adder poisons you!
You completely miss the adder. Your grab misses the adder.
You feel sick. The adder barely misses you.
You tentacle-slap the adder. Your grab misses the adder.
The adder is lightly wounded.
You feel sick. The adder bites you.
* * * LOW HITPOINT WARNING * * *
The adder bites you.
* * * LOW HITPOINT WARNING * * *
The ball python misses you. x2
It was a potion of mutation.
You feel extremely strange.
You feel agile.
You feel your magical essence link to the dungeon's wands.
You die...

##..####.........#
#
##.....[+.........#
# ##
#..)..###.........#
# .#
#.......)<........#
#### .#
#.....###.........#
#... .#
#..............####
#####.## ##
##.....###......#
#...#.# ####....###
#.....)# #.#.#.#
...#.#..# #..S@S.#
#.#.#.# ##......#
####S### #.#<#.#
#...#.....# #o..#
#.###.# #...#####..
....... #.....#
...#... #
.......... #######
.#.#####
.~~....o.o. ....
.~..~....... ....
~~~..~..~~... ...
~~~..~..~..~o.


You could see an orc wizard, 2 adders, an orc and a ball python.

Vanquished Creatures
  2 adders
  3 worms (D:2)
  A dart slug (D:2)
  3 ball pythons
  3 bats
  5 endoplasms
  A giant cockroach (D:3)
  7 goblins
  4 hobgoblins
  6 jackals
  5 kobolds
  2 quokkas
  2 frilled lizards
  4 rats
48 creatures vanquished.

Notes
Turn   | Place    | Note
-------+----------+-------------------------------------------
     0 | D:1      | wormed the Octopode Transmuter began the quest for the Orb.
     0 | D:1      | Reached XP level 1. HP: 13/13 MP: 3/3
   214 | D:1      | Reached XP level 2. HP: 13/18 MP: 3/5
   316 | D:1      | Found Kufyur's Assorted Antiques.
   525 | D:1      | Learned a level 2 spell: Wereblood
   908 | D:2      | Reached XP level 3. HP: 23/23 MP: 3/6
  1078 | D:2      | Reached skill level 1 in Ice Magic
  1231 | D:2      | Reached XP level 4. HP: 23/28 MP: 4/7
  1903 | D:3      | Gained mutation: You are agile. (Dex +4, Str/Int -1)
                  | [potion of mutation]
  1903 | D:3      | Gained mutation: You expend magic power (3 MP) to
                  | strengthen your wands. [potion of mutation]
  1903 | D:3      | Succumbed to an adder's poison

Illustrated notes

Levels and vault maps discovered:
D:1:      dpeg_arrival_stone_temple_mockup, layout_basic, serial_shops, shop
D:2:      layout_loops_ring, minmay_pentomino_p4
D:3:      cheibrodos_helix_gallery, layout_basic, ebering_dispersal_statue_hall

Skill      XL: |  1  2  3  4 |
---------------+-------------+-----
Ice Magic      | 1 |  1.2
Transmutations | 3 |  3.0
Fighting       | |  1.7
Dodging        | |  2.3
Unarmed Combat | |  3.3
Spellcasting   | |  2.3

Action                   |  1- 3 |  4- 6 || total
-------------------------+-------+-------++-------
Melee: Unarmed           |    65 |    31 ||    96
       Constrict         |    22 |     9 ||    31
       Tentacles         |    17 |     5 ||    22
       Kick              |    16 |     6 ||    22
       Punch             |     1 |       ||     1
 Cast: Beastly Appendage |    18 |     7 ||    25
       Wereblood         |     8 |     6 ||    14
  Use: Potion            |       |     1 ||     1
 Stab: Sleeping          |     1 |     2 ||     3
Armor: Skin              |     9 |     3 ||    12
Dodge: Dodged            |    34 |    16 ||    50

Table legend: (Time is in decaauts)
 A = Elapsed time spent in this place.
 B = Non-inter-level travel time spent in this place.
 C = Inter-level travel time spent in this place.
 D = Time resting spent in this place.
 E = Time spent auto-exploring this place.
 F = Levels seen in this place.
 G = Mean time per level.
                   A        B        C        D        E       F      G
               +--------+--------+--------+--------+--------+-----+--------+
         Total |   1896 |   1846 |     50 |      0 |   1464 |   3 |  632.0 |
       Dungeon |   1896 |   1846 |     50 |      0 |   1464 |   3 |  632.0 |
               +--------+--------+--------+--------+--------+-----+--------+

Top non-repeatable levels by time:
     D:2: 866 daAuts
     D:1: 767 daAuts
     D:3: 263 daAuts
